 Dungeon Crawl Stone Soup version 0.28-a0-384-g9e0c098162 (webtiles) character file.

Game seed: 189825870873756850

231 zdrol the Chopper (level 5, 0/45 HPs)
             Began as a Minotaur Gladiator on Sept 3, 2021.
             Was a Believer of Cheibriados.
             Slain by an ogre (14 damage)
             ... on level 4 of the Dungeon.
             The game lasted 00:11:15 (3147 turns).

zdrol the Chopper (Minotaur Gladiator)              Turns: 3147, Time: 00:11:16

Health: 0/45       AC:  3    Str: 23    XL:     5   Next: 73%
Magic:  4/4        EV: 13    Int:  9    God:    Cheibriados [**....]
Gold:   197        SH:  0    Dex: 16    Spells: 4/4 levels left

rFire   . . .      SeeInvis .   a - +0 war axe
rCold   . . .      Faith    .   (no shield)
rNeg    . . .      Spirit   .   b - +0 leather armour
rPois   .          Reflect  .   c - +0 hat
rElec   .          Harm     .   (no cloak)
rCorr   .          Rampage  .   (no gloves)
Will    .....                   (no boots)
Stlth   ++........              (no amulet)
HPRegen 0.15/turn               (no ring)
MPRegen 0.09/turn               (no ring)

@: lethally poisoned (0 -> -1), very slow
A: horns 2, retaliatory headbutt
a: Renounce Religion, Bend Time


You were on level 4 of the Dungeon.
You worshipped Cheibriados.
Cheibriados was pleased with you.
You visited 1 branch of the dungeon, and saw 4 of its levels.

You collected 197 gold pieces.

Inventory:

Hand Weapons
 a - a +0 war axe (weapon)
Missiles
 i - 6 boomerangs (quivered)
Armour
 b - a +0 leather armour (worn)
 c - a +0 hat (worn)
Wands
 d - a wand of flame (27)
Scrolls
 e - a scroll of summoning
 f - a scroll of immolation
 j - a scroll of blinking
 l - a scroll of teleportation {unknown}
Potions
 g - 2 potions of curing {unknown}
 h - a potion of degeneration {unknown}
 k - a potion of berserk rage {unknown}
 m - a potion of haste {unknown}
 n - a potion of might {unknown}
 o - a potion of attraction {unknown}
 p - a potion of flight {unknown}


   Skills:
 + Level 3.1 Fighting
 + Level 6.1 Axes
 + Level 2.1 Throwing
 + Level 2.4 Armour
 + Level 4.0 Dodging
 + Level 1.1 Stealth


You had 4 spell levels left.
You didn't know any spells.
Your spell library contained the following spells:

 Spells                   Type           Power      Damage    Failure   Level
 Magic Dart               Conj           0%         1d3       43%         1
 Searing Ray              Conj           0%         3d3       56%         2
 Ignite Poison            Fire/Tmut/Pois 0%         N/A       80%         3
 Mephitic Cloud           Conj/Pois/Air  0%         N/A       80%         3
 Fulminant Prism          Conj/Hex       0%         3d6       99%         4
 Bolt of Magma            Conj/Fire/Erth 0%         4d4       100%        5


Dungeon Overview and Level Annotations

Branches:
Dungeon (4/15)
 Temple: D:4-7

Altars:
Cheibriados
Uskayaw


Innate Abilities, Weirdness & Mutations

You have a pair of horns on your head.
You reflexively headbutt those who attack you in melee.


Message History

The boomerang hits the adder but does no damage.
Throw: 6 boomerangs
Press: ? - help, Q - select action, (/) - cycle Shift-Dir - straight line, f/p - adder
Aim: an adder (44% to hit)
You throw a boomerang. The boomerang hits the adder.
The adder is moderately wounded.
You hit the adder.
The adder is severely wounded.
The adder bites you.
You are poisoned.
The adder poisons you! The adder bites you.
You are more poisoned.
The adder poisons you!
You miss the adder.
You headbutt the adder, but do no damage.
The adder is severely wounded.
You feel sick. The adder completely misses you.
You slash the adder!
You kill the adder!
Cheibriados thoroughly appreciates the change of pace.
You feel sick.
Your Stealth skill increases to level 1!
Throw: 6 boomerangs
Press: ? - help, Q - select action, (/) - cycle Shift-Dir - straight line, f - ogre
Aim: an ogre, wielding a +0 giant club (76% to hit)
You throw a boomerang. The boomerang hits the ogre.
The ogre is lightly wounded.
You feel sick.
Throw: 6 boomerangs
Press: ? - help, Q - select action, (/) - cycle Shift-Dir - straight line, f/p - ogre
Aim: an ogre, wielding a +0 giant club (lightly wounded, 76% to hit)
You throw a boomerang. The boomerang closely misses the ogre.
You feel sick.
You hit the ogre.
The ogre is moderately wounded.
You feel sick. The ogre hits you with a +0 giant club!
You slash the ogre!
The ogre is severely wounded.
You feel sick. The ogre hits you with a +0 giant club!
You die...

.. ........ #.. #
#......### #
#...#.#........ #
#...#.#......## ###### #
......##......# #....# #
............#.# #....# #
......O.....#.# #....# #
......(@....#.###....###
..........#.............
.......######.###.......
.......#......#......###
.......#.#...........###
....... #.....†........
......! #........#)####
.?..... #.#......#.#
#.#.####.#.#


You could see an ogre.

Vanquished Creatures
  A centaur zombie (D:4)
  A jelly (D:3)
  Crazy Yiuf (D:2)
  8 adders
  2 dart slugs
  2 orcs (D:3)
  3 ball pythons
  4 bats
  2 endoplasms (D:1)
  3 giant cockroaches
  6 goblins
  7 hobgoblins
  2 quokkas (D:1)
  5 frilled lizards
  5 kobolds
  15 rats
67 creatures vanquished.

Vanquished Creatures (others)
  A fungus (D:2)
1 creature vanquished.

Grand Total: 68 creatures vanquished

Notes
Turn   | Place    | Note
-------+----------+-------------------------------------------
     0 | D:1      | zdrol the Minotaur Gladiator began the quest for the Orb.
     0 | D:1      | Reached XP level 1. HP: 18/18 MP: 0/0
   203 | D:1      | Reached XP level 2. HP: 21/25 MP: 1/1
   252 | D:1      | Reached skill level 4 in Axes
  1181 | D:2      | Reached skill level 1 in Armour
  1181 | D:2      | Reached XP level 3. HP: 21/30 MP: 2/2
  1877 | D:2      | Found a faded altar of an unknown god.
  1886 | D:2      | Became a worshipper of Cheibriados the Contemplative
  1886 | D:2      | Reached * piety under Cheibriados
  2048 | D:2      | Reached XP level 4. HP: 37/37 MP: 3/3
  2069 | D:2      | Reached skill level 5 in Axes
  2204 | D:2      | Found a runed translucent door.
  2205 | D:2      | Noticed Crazy Yiuf
  2211 | D:2      | Killed Crazy Yiuf
  2348 | D:3      | Reached XP level 5. HP: 39/44 MP: 4/4
  2574 | D:3      | Reached ** piety under Cheibriados
  2862 | D:3      | Noticed a +0 hand axe
  2863 | D:3      | Noticed a +0 hand axe
  2864 | D:3      | Found a hide-covered altar of Uskayaw.
  3134 | D:4      | Reached skill level 6 in Axes
  3136 | D:4      | Noticed an ogre
  3144 | D:4      | Reached skill level 1 in Stealth
  3147 | D:4      | Slain by an ogre

Illustrated notes

Levels and vault maps discovered:
D:1:      dpeg_arrival_orchard, layout_loops_corners, minmay_rat_gold_closets
D:2:      layout_loops_cross, ebering_ecumenical_altar_sacrificial,
          uniq_crazy_yiuf_cottage
D:3:      layout_basic, dancing_weapons_uskayaw, minmay_diced_spiral
D:4:      layout_basic, gammafunk_ghost_mausoleum, kennysheep_small_square

Skill      XL: |  1  2  3  4  5 |
---------------+----------------+-----
Axes           | 4 5 6 |  6.1
Armour         | 1 2 |  2.4
Fighting       | 3 |  3.1
Dodging        | 4 |  4.0
Stealth        | 1 |  1.1
Throwing       | |  2.1

Action                   |  1- 3 |  4- 6 || total
-------------------------+-------+-------++-------
Melee: War axe           |    86 |    46 ||   132
       Headbutt          |    11 |     7 ||    18
Throw: Throwing net      |     4 |       ||     4
       Boomerang         |       |     4 ||     4
  Use: Scroll            |     5 |       ||     5
 Stab: Sleeping          |     1 |       ||     1
Armor: Leather armour    |    21 |    12 ||    33
Dodge: Dodged            |    54 |    46 ||   100

Table legend: (Time is in decaauts)
 A = Elapsed time spent in this place.
 B = Non-inter-level travel time spent in this place.
 C = Inter-level travel time spent in this place.
 D = Time resting spent in this place.
 E = Time spent auto-exploring this place.
 F = Levels seen in this place.
 G = Mean time per level.
                   A        B        C        D        E       F      G
               +--------+--------+--------+--------+--------+-----+--------+
         Total |   3637 |   3637 |      0 |    361 |   1736 |   4 |  909.2 |
       Dungeon |   3637 |   3637 |      0 |    361 |   1736 |   4 |  909.2 |
               +--------+--------+--------+--------+--------+-----+--------+

Top non-repeatable levels by time:
     D:2: 1248 daAuts
     D:1: 1174 daAuts
     D:3: 1149 daAuts
     D:4: 64 daAuts
